 Dungeon Crawl Stone Soup version 0.19-a0-1882-gbb73ea0 (console) character file.

172 brucemayne the Cleaver (level 5, 0/45 HPs)
             Began as a Hill Orc Monk on Oct 14, 2016.
             Slain by a sky beast (5 damage)
             ... on level 4 of the Dungeon.
             The game lasted 00:04:15 (1691 turns).

brucemayne the Cleaver (Hill Orc Monk)              Turns: 1691, Time: 00:04:15

Health: 0/45       AC:  9    Str: 19      XL:     5   Next: 52%
Magic:  5/5        EV:  8    Int:  8 (10) God:
Gold:   92         SH:  0    Dex: 13      Spells: 0 memorised, 4 levels left

rFire  . . .     SeeInvis .     a - +0 hand axe
rCold  . . .     Gourm    .     e - +0 chain mail
rNeg   . . .     Faith    .     (no shield)
rPois  .         Spirit   .     (no helmet)
rElec  .         Dismiss  .     i - +0 cloak
rCorr  .         Reflect  .     (no gloves)
MR     .....     Harm     .     (no boots)
Stlth  ..........               (no amulet)
                                (no ring)
                                n - +4 ring of strength

@: no status effects
A: no striking features
a: no special abilities


You were on level 4 of the Dungeon.
You were not hungry.

You visited 1 branch of the dungeon, and saw 5 of its levels.

You collected 92 gold pieces.

Inventory:

Hand Weapons
 a - a +0 hand axe (weapon)
 o - a +0 hand axe
Missiles
 h - 6 steel javelins (quivered)
Armour
 b - a +0 robe
 e - a +0 chain mail (worn)
 i - a +0 cloak (worn)
Magical Staves
 u - an uncursed staff of conjuration {unknown}
Jewellery
 m - an uncursed amulet of faith
 n - a +4 ring of strength (left hand)
Scrolls
 g - 4 scrolls of identify {unknown}
 j - a scroll of amnesia {unknown}
 k - a scroll of blinking {unknown}
 l - 2 scrolls of random uselessness {unknown}
 t - a scroll of noise {unknown}
 x - a scroll of enchant weapon {unknown}
 y - a scroll of teleportation {unknown}
Potions
 d - a potion of lignification {unknown}
 p - 2 potions of heal wounds {unknown}
 q - a potion of curing {unknown}
 s - a potion of flight {unknown}
 v - a potion of mutation {unknown}
Comestibles
 c - 5 bread rations
 f - 2 meat rations
 r - a slice of pizza
 w - a chunk of flesh


   Skills:
 - Level 3.6 Fighting
 + Level 8.0 Axes
 - Level 2.4 Dodging
 - Level 1.5 Stealth


You had 4 spell levels left.
You didn't know any spells.

Dungeon Overview and Level Annotations

Branches:
Dungeon (5/15)
 Temple: D:4-7

Altars:

Annotations:
D:4 exclusion: downstairs
D:5 Prince Ribbit


Message History

You throw a steel javelin. The steel javelin hits the sky beast.
The sky beast is lightly wounded.
You closely miss the sky beast.
The sky beast is lightly wounded.
The sky beast hits you. The sky beast shocks you.
You hit the sky beast.
The sky beast is moderately wounded.
The sky beast hits you. The sky beast shocks you.
You hit the sky beast but do no damage.
The sky beast is moderately wounded.
The sky beast hits you.
* * * LOW HITPOINT WARNING * * *
The sky beast shocks you.
* * * LOW HITPOINT WARNING * * *
You miss the sky beast.
The sky beast is moderately wounded.
The sky beast hits you.
* * * LOW HITPOINT WARNING * * *
The sky beast shocks you.
You die...

.# [! .# .# #.# #.#######.# #.#
##.........# #.# #....(Y@..# #.#
#.#######.# #.# #.# #####.###
###.### #.# #....%..####.....###
##########.# #.###.#.............
...##....#.###.###.######.....###
...................# #.....#
###.###..#####.##### #.....#
#.....#..# #...###############


You could see a sky beast.

Vanquished Creatures
  A scorpion (D:4)
  2 worker ants
  5 adders
  3 dart slugs
  A leopard gecko (D:5)
  An orc (D:4)
  A ball python (D:4)
  A giant cockroach (D:4)
  2 goblins (D:2)
  2 hobgoblins
  2 bats
  A frilled lizard (D:2)
  3 kobolds
  4 rats
29 creatures vanquished.

Notes
Turn   | Place    | Note
-------+----------+-------------------------------------------
     0 | D:1      | brucemayne the Hill Orc Monk began the quest for the Orb.
     0 | D:1      | Reached XP level 1. HP: 19/19 MP: 1/1
   209 | D:2      | Reached XP level 2. HP: 26/26 MP: 2/2
   308 | D:2      | Reached skill level 5 in Axes
   421 | D:2      | Reached XP level 3. HP: 31/31 MP: 3/3
   455 | D:2      | Reached skill level 6 in Axes
   477 | D:2      | HP: 1/31 [poisoned by an adder]
   905 | D:3      | Reached XP level 4. HP: 38/39 MP: 4/4
  1305 | D:5      | Entered Level 5 of the Dungeon
  1305 | D:5      | Noticed Prince Ribbit
  1428 | D:4      | Reached skill level 7 in Axes
  1428 | D:4      | Reached XP level 5. HP: 25/45 MP: 5/5
  1590 | D:5      | Reached skill level 8 in Axes
  1684 | D:4      | Noticed a sky beast
  1691 | D:4      | Slain by a sky beast

Vault maps used:
D:1:      dpeg_arrival_brainrot, minmay_door_square
D:2:      serial_aquarium, aquarium_bridge_straight, aquarium_window_fake,
          aquarium_window_1, aquarium_view_2d, aquarium_view_2c,
          aquarium_balcony_1b, aquarium_pool_2, first_bread
D:3:      kennysheep_cluttered_room, eino_tiny_chamber, uniq_robin
D:4:      st_stairs_3, kennysheep_opposing_triangles
D:5:      gammafunk_temple_overflow_pools, overflow_temple_1_default,
          basic_altar, uniq_prince_ribbit1

Skill      XL: |  1  2  3  4  5 |
---------------+----------------+-----
Axes           | 5 6 7 8 |  8.0
Fighting       | |  3.6
Dodging        | |  2.4
Stealth        | |  1.5

Action                   |  1- 3 |  4- 6 || total
-------------------------+-------+-------++-------
Melee: Hand axe          |    73 |    49 ||   122
Throw: Javelin           |       |     4 ||     4
  Use: Potion            |     5 |       ||     5
  Eat: Beef jerky        |       |     1 ||     1
       Chunk             |       |     1 ||     1
Armor: Chain mail        |    53 |    22 ||    75
Dodge: Dodged            |    31 |    12 ||    43
